 Dungeon Crawl Stone Soup version 0.27.0-1-g7a08968 (webtiles) character file.

Game seed: 10274299706788360447

32 NeededCrab the Shield-Bearer (level 3, 19/19 HPs)
             Began as a Vine Stalker Fighter on Oct 13, 2021.
             Was a Follower of Yredelemnul.
             Quit the game on level 1 of the Dungeon on Oct 14, 2021.
             The game lasted 00:03:36 (981 turns).

NeededCrab the Shield-Bearer (Vine Stalker Fighter)  Turns: 981, Time: 00:03:36

Health: 19/19      AC:  9    Str: 19    XL:     3   Next: 27%
Magic:  4/4        EV:  7    Int:  8    God:    Yredelemnul [*.....]
Gold:   45         SH:  9    Dex: 13    Spells: 2/2 levels left

rFire    . . .     SeeInvis .   a - +0 rapier
rCold    . . .     Faith    .   c - +0 kite shield
rNeg     . . .     Spirit   +   b - +0 scale mail
rPois    .         Reflect  .   (no helmet)
rElec    .         Harm     .   e - +2 cloak
rCorr    .         Rampage  .   (no gloves)
Will     .....                  (no boots)
Stlth    ..........             (no amulet)
HPRegen  0.06/turn              (no ring)
MPRegen  0.09/turn              (no ring)

@: no status effects
A: fangs 2, magic shield, antimagic bite, no potion heal 2
a: Renounce Religion, Animate Remains


You were on level 1 of the Dungeon.
You worshipped Yredelemnul.
Yredelemnul was aware of your devotion.
You visited 1 branch of the dungeon, and saw 1 of its levels.

You collected 45 gold pieces.

Inventory:

Hand Weapons
 a - a +0 rapier (weapon)
Armour
 b - a +0 scale mail (worn)
 c - a +0 kite shield (worn)
 e - a +2 cloak (worn)
Scrolls
 g - a scroll of holy word {unknown}
Potions
 d - a potion of might
 f - a potion of attraction {unknown}
 h - a potion of lignification {unknown}


   Skills:
 + Level 2.9 Fighting
 * Level 2.3 Short Blades
 + Level 2.6 Armour
 * Level 3.1 Shields


You had 2 spell levels left.
You didn't know any spells.
Your spell library contained the following spells:

 Spells                   Type           Power      Damage    Failure   Level
 Corona                   Hex            0%         N/A       99%         1
 Ensorcelled Hibernation  Hex/Ice        0%         N/A       100%        2
 Tukima's Dance           Hex            0%         N/A       100%        3


Dungeon Overview and Level Annotations

Branches:
Dungeon (1/15)

Altars:
Yredelemnul


Innate Abilities, Weirdness & Mutations

You have extremely sharp teeth.
When hurt, damage is shared between your health and your magic reserves.
Your bite disrupts and absorbs the magic of your enemies.
Potions cannot restore your health.


Message History

Yredelemnul welcomes you!
You can now animate remains.
There is an open door here.
There is an open door here.
Things that are here:
a +0 dagger; a bat corpse; a kobold corpse You open the door.
Found a stone staircase leading down.
You now have 45 gold pieces (gained 5).
There is an open door here.
There is a stone staircase leading down here.
There is an open door here.
You open the door.
There is an open door here.
You see here a +0 club.
There is an open door here.
You see here 22 stones.
Found a stone staircase leading down.
A rat comes into view.
Found 18 stones.
A rat is nearby!
You attempt to give life to the dead...
There are no remains here to animate!
The rat bites you but does no damage.
You closely miss the rat. The rat bites you but does no damage.
You block the rat's attack.
You hit the rat.
You kill the rat!
Yredelemnul accepts your kill.
No target in view!
No target in view!
You attempt to give life to the dead...
There are no remains here to animate!
You see here a rat corpse.
You fail to use your ability.
You see here 18 stones.
A giant cockroach comes into view.
Saving game... please wait.
Welcome back, NeededCrab the Vine Stalker Fighter.
Yredelemnul says: Carry the black torch!
Rouse the idle dead!
Press ? for a list of commands and other information.
Are you sure you want to abandon this character and quit the game? (Confirm with "yes".)

##### ..# ....# #.#
....########+###.# #
...............#.#.#
###............#.#B#
###................#
................>######.
...........#.#.#@.......
...........#.#.#.#.#####
...........#.#.#.# ..
...........#.#.#.# ##
...........#†#.#.########
...........#.#...........
...........#.###.########
...........#.(...#
...........#######


You could see a giant cockroach.

Vanquished Creatures
  2 dart slugs (D:1)
  2 giant cockroaches (D:1)
  A goblin (D:1)
  A hobgoblin (D:1)
  6 jackals (D:1)
  A ball python (D:1)
  5 bats (D:1)
  2 frilled lizards (D:1)
  2 kobolds (D:1)
  6 rats (D:1)
28 creatures vanquished.

Notes
Turn   | Place    | Note
-------+----------+-------------------------------------------
     0 | D:1      | NeededCrab the Vine Stalker Fighter began the quest for the
                  | Orb.
     0 | D:1      | Reached XP level 1. HP: 11/11 MP: 2/2
   311 | D:1      | Reached XP level 2. HP: 16/16 MP: 3/3
   493 | D:1      | Reached skill level 3 in Shields
   732 | D:1      | Reached XP level 3. HP: 17/19 MP: 2/4
   837 | D:1      | Found a faded altar of an unknown god.
   850 | D:1      | Became a worshipper of Yredelemnul the Dark
   850 | D:1      | Reached * piety under Yredelemnul
   981 | D:1      | Quit the game

Illustrated notes

Levels and vault maps discovered:
D:1:      roderic_chinese_lattice_arrival, layout_basic,
          hellmonk_ecumenical_altar_inner_sanctum

Skill      XL: |  1  2 |
---------------+-------+-----
Short Blades   | 2 |  2.3
Shields        | 3 |  3.1
Fighting       | |  2.9
Armour         | |  2.6

Action                   || total
-------------------------++-------
Melee: Rapier            ||    68
       Bite              ||    11
Armor: Scale mail        ||    30
Dodge: Dodged            ||    15
Block: Kite shield       ||    31
